 Dungeon Sprint DCSS version 0.21-a0-59-g7b0e191 (webtiles) character file.

58 Kidiri the Sneak (level 3, -7/18 HPs)
             Began as a Spriggan Enchanter on June 16, 2017.
             Splashed by an oklob sapling priest's acid (13 damage)
             ... in the Dungeon (Sprint IV: "Fedhas' Mad Dash").
             The game lasted 00:01:37 (322 turns).

Kidiri the Sneak (Spriggan Enchanter)                Turns: 322, Time: 00:01:38

Health: -7/18      AC: -1    Str:  4    XL:     3   Next: 75%
Magic:  10/10      EV: 20    Int: 16    God:
Gold:   67         SH:  0    Dex: 17    Spells: 2/11 levels left

rFire    . . .     SeeInvis +   a - +1 dagger
rCold    . . .     Gourm    .   (shield restricted)
rNeg     . . .     Faith    .   b - +0 robe
rPois    .         Spirit   .   (helmet restricted)
rElec    .         Reflect  .   (no cloak)
rCorr    .         Harm     .   (gloves unavailable)
MR       .....     NoTele   +   (boots unavailable)
Stlth    +++.......             i - amulet of invisibility {+Inv}
HPRegen  0.06/turn              (no ring)
MPRegen  0.12/turn              (no ring)

@: corroded, very quick
A: unfitting armour, see invisible, herbivore 3, speed 3, slow metabolism 2
a: Evoke Invisibility


You were in the Dungeon.
You were not hungry.

You visited 1 branch You collected 67 gold pieces.

Inventory:

Hand Weapons
 a - a +1 dagger (weapon)
Armour
 b - a +0 robe (worn)
Jewellery
 i - the amulet of invisibility (around neck) {+Inv}
   (You found it in the Dungeon)

   [amulet of nothing]

   It lets you turn invisible.
Scrolls
 j - a scroll of blinking
Potions
 e - a potion of curing
 f - a potion of heal wounds
 g - a potion of haste
 h - 2 potions of magic
Books
 c - a book of Maledictions

   Spells                             Type                      Level
   a - Corona                         Hexes                        1
   b - Ensorcelled Hibernation        Hexes/Ice                    2
   c - Confuse                        Hexes                        3
   d - Tukima's Dance                 Hexes                        3
   e - Dazzling Spray                 Conjuration/Hexes            3
Comestibles
 d - a bread ration


   Skills:
 + Level 1.7 Fighting
 * Level 3.2 Short Blades
 + Level 1.2 Armour
 * Level 5.0 Dodging
 * Level 6.3 Stealth
 * Level 4.5 Spellcasting
 + Level 4.5 Hexes
 + Level 1.2 Ice Magic
 + Level 0.0 Evocations


You had 2 spell levels left.
You knew the following spells:

 Your Spells              Type           Power        Failure   Level  Hunger
a - Corona                Hex            ###....      2%          1    None
b - Ensorcelled Hibernat  Hex/Ice        ##....       8%          2    ##.....
c - Confuse               Hex            ###.....     8%          3    ###....
d - Tukima's Dance        Hex            ###.....     8%          3    ###....


Dungeon Overview and Level Annotations

Branches:
Dungeon (1/1)

Altars:
Cheibriados
Dithmenos
Elyvilon
Gozag
Hepliaklqana
Kikubaaqudgha
Makhleb
Nemelex Xobeh
Okawaru
Qazlal
Ru
Sif Muna
Trog
Uskayaw
Vehumet
Wu Jian
Xom
Yredelemnul
Zin
The Shining One
Beogh
Jiyva
Lugonu

Annotations:
D exclusion: 2 oklob saplings


Innate Abilities, Weirdness & Mutations

You are very small and have problems with some larger weapons.
You are too small for most types of armour.
You have supernaturally acute eyesight. (SInv)
You are a herbivore.
You cover ground extremely quickly.
You need consume almost no food.


Message History

Marking area around the oklob sapling as unsafe for travelling.
An oklob sapling comes into view.
Found 12 gold pieces.
You close the door.
Okay, then.
You open the door.
Found four altars.
Marking area around the oklob sapling priest as unsafe for travelling.
An oklob sapling priest comes into view.
Found nine altars.
There is an open door here.
Found three altars.
Found two altars.
Found three altars.
The oklob sapling priest spits acid at you.
The splash of acid hits you!
Ouch! That really hurt!
The acid corrodes you!
You are splashed with acid!
The acid burns!
Ouch! That really hurt!
You die...

########################
#.....#.....#.⌠._._._._.
'...%.'.#(..'.._._._._._
#.....#.#...#...@._P_._.
##########+##.._._._._._
...#._._._._._.
#$P$############ #####


You could see an oklob sapling priest.

Vanquished Creatures
  An oklob sapling (D)
  A worker ant (D)
  A river rat (D)
  A rat (D)
4 creatures vanquished.

Notes
Turn   | Place    | Note
-------+----------+-------------------------------------------
     0 | D        | Kidiri the Spriggan Enchanter began the quest for the Orb.
     0 | D        | Reached XP level 1. HP: 9/9 MP: 5/5
   223 | D        | Reached skill level 5 in Stealth
   223 | D        | Reached XP level 2. HP: 14/14 MP: 7/7
   232 | D        | Learned a level 2 spell: Ensorcelled Hibernation
   265 | D        | Noticed an oklob sapling
   266 | D        | Killed an oklob sapling
   266 | D        | Reached skill level 1 in Fighting
   266 | D        | Reached skill level 1 in Armour
   266 | D        | Reached XP level 3. HP: 18/18 MP: 7/9
   270 | D        | Reached skill level 5 in Dodging
   270 | D        | Reached skill level 6 in Stealth
   270 | D        | Reached skill level 1 in Ice Magic
   275 | D        | Learned a level 3 spell: Confuse
   279 | D        | Learned a level 3 spell: Tukima's Dance
   314 | D        | Noticed an oklob sapling
   317 | D        | Found an opulent altar of Gozag.
   317 | D        | Found a hazy altar of Hepliaklqana.
   317 | D        | Found a roughly hewn altar of Beogh.
   317 | D        | Found a snail-covered altar of Cheibriados.
   318 | D        | Found a viscous altar of Jiyva.
   318 | D        | Found a burning altar of Makhleb.
   318 | D        | Found a sparkling altar of Nemelex Xobeh.
   318 | D        | Found a sacrificial altar of Ru.
   318 | D        | Found a deep blue altar of Sif Muna.
   318 | D        | Found a bloodstained altar of Trog.
   318 | D        | Found an ornate altar of the Wu Jian Council.
   318 | D        | Found a shimmering altar of Xom.
   318 | D        | Found a basalt altar of Yredelemnul.
   318 | D        | Noticed an oklob sapling priest
   319 | D        | Found an iron altar of Okawaru.
   319 | D        | Found a glowing silver altar of Zin.
   319 | D        | Found a shadowy altar of Dithmenos.
   320 | D        | Found a hide-covered altar of Uskayaw.
   320 | D        | Found an ancient bone altar of Kikubaaqudgha.
   321 | D        | Found a stormy altar of Qazlal.
   321 | D        | Found a glowing golden altar of the Shining One.
   321 | D        | Found a white marble altar of Elyvilon.
   322 | D        | Found a radiant altar of Vehumet.
   322 | D        | Found a corrupted altar of Lugonu.
   322 | D        | Splashed by an oklob sapling priest's acid

Vault maps used:
D:        dungeon_sprint_fedhas

Skill      XL: |  1  2  3 |
---------------+----------+-----
Short Blades   | 2 3 |  3.2
Stealth        | 5 6 |  6.3
Spellcasting   | 3 4 |  4.5
Hexes          | 4 |  4.5
Fighting       | 1 |  1.7
Armour         | 1 |  1.2
Dodging        | 4 5 |  5.0
Ice Magic      | 1 |  1.2

Action                   || total
-------------------------++-------
Melee: Dagger            ||    21
 Cast: Corona            ||     1
       Ensorcelled Hiber ||     1
  Use: Potion            ||     1
 Stab: Sleeping          ||     3
Armor: Robe              ||     1
Dodge: Dodged            ||    13
